[Event "Titled Tuesday Blitz July 11 Early 2023"]
[White "Rodriguez Santiago, Jaime"]
[Black "Gontcharov, Vladislav"]
[WhiteFideId "3100898"]
[BlackFideId "4123492"]
[WhiteElo "2397"]
[BlackElo "2586"]
[Result "0-1"]
[Round "11"]
[TimeControl "180+2"]
[Date "2023.07.11"]
[WhiteClock "0:00:21"]
[BlackClock "0:00:40"]
[Board "53"]

1. d4 Nf6 2. c4 e6 3. Nc3 Bb4 4. e3 O-O 5. Bd3 c5 6. Ne2 b6 7. O-O Bb7 8. a3 Bxc3 9. Nxc3 d5 10. cxd5 exd5 11. dxc5 bxc5 12. b3 Nbd7 13. Bb2 Qe7 14. Rc1 Ne5 15. Bb1 Rfd8 16. Qe2 a5 17. Rfd1 Ba6 18. Qe1 Rab8 19. Bc2 c4 20. Na4 cxb3 21. Bb1 Nc4 22. Bc3 Bb5 23. Nb2 Qxa3 24. Nxc4 Bxc4 25. Bxa5 Re8 26. Rd2 Qxa5 27. f3 Qb6 0-1


[Site "https://www.chess.com"]

[Event "Titled Tuesday Blitz July 11 Early 2023"]
[White "ATM622"]
[Black "Goldin, Roman"]
[BlackFideId "2803860"]
[WhiteElo "2582"]
[BlackElo "2416"]
[Result "0-1"]
[Round "11"]
[TimeControl "180+2"]
[Date "2023.07.11"]
[WhiteClock "0:01:44"]
[BlackClock "0:00:11"]
[Board "54"]

1. e4 Nc6 2. d4 e5 3. d5 Nce7 4. c4 Ng6 5. g3 Nf6 6. Bg2 Bc5 7. Nc3 c6 8. Nge2 O-O 9. O-O a6 10. Kh1 b5 11. Bg5 h6 12. Bxf6 Qxf6 13. f4 exf4 14. gxf4 Qh4 15. Qe1 Qxe1 16. Raxe1 bxc4 17. Rc1 Be3 18. Rc2 f6 19. dxc6 dxc6 20. Nd1 Bb6 21. Rxc4 Ne7 22. Nd4 c5 23. Nf5 Nxf5 24. exf5 Bxf5 25. Bxa8 Rxa8 26. Ne3 Bd3 27. Rd1 Bxc4 28. Nxc4 Bc7 29. f5 Re8 30. Rd7 Bf4 31. Kg2 Re2+ 32. Kf3 Rc2 33. Na3 Rxb2 34. Kxf4 Rxa2 35. Rd3 Rxh2 36. Nc4 Rh4+ 37. Kg3 Rxc4 38. Rd8+ Kh7 39. Ra8 Ra4 40. Rc8 c4 41. Kf3 h5 42. Kg3 Ra5 43. Kf4 Ra4 44. Kg3 Rb4 45. Rc5 Rb3+ 46. Kh4 Rb5 47. Rxc4 Rxf5 48. Ra4 a5 49. Ra3 Rb5 50. Ra2 Kh6 51. Ra3 Rb4+ 52. Kh3 a4 53. Kg3 Rb3+ 54. Kh4 g5# 0-1


[Site "https://www.chess.com"]

[Event "Titled Tuesday Blitz July 11 Early 2023"]
[White "Rodchenkov, Sergey D."]
[Black "Tsyhanchuk, Stanislav"]
[WhiteFideId "4168712"]
[BlackFideId "13505130"]
[WhiteElo "2582"]
[BlackElo "2316"]
[Result "1-0"]
[Round "11"]
[TimeControl "180+2"]
[Date "2023.07.11"]
[WhiteClock "0:00:03"]
[BlackClock "0:00:01"]
[Board "55"]

1. e4 c5 2. Nf3 d6 3. d4 cxd4 4. Nxd4 Nf6 5. Nc3 a6 6. Be3 e5 7. Nb3 Be6 8. f3 Be7 9. Qd2 Nbd7 10. O-O-O b5 11. g4 Nb6 12. g5 Nfd7 13. Nd5 Bxd5 14. exd5 Nc4 15. Bxc4 bxc4 16. Na5 c3 17. Qxc3 Bxg5 18. Bxg5 Qxg5+ 19. Kb1 O-O 20. Qc6 Qe7 21. Nc4 Rfd8 22. Nxd6 Rab8 23. Rhg1 g6 24. c4 Rb6 25. Nc8 Rxc8 26. Qxc8+ Kg7 27. Rg2 e4 28. Re2 Ne5 29. Rxe4 Qb4 30. b3 Qc3 31. Qc5 Qxf3 32. Qxb6 Qxd1+ 33. Kb2 Nd3+ 34. Ka3 Qc1+ 35. Ka4 Nb2+ 36. Ka5 Qc3+ 37. Kxa6 Qc2 38. Qd4+ Kh6 39. Rh4+ Kg5 40. Qf4# 1-0


[Site "https://www.chess.com"]

[Event "Titled Tuesday Blitz July 11 Early 2023"]
[White "Pham, Le Thao Nguyen"]
[Black "Hilary46"]
[WhiteFideId "12401226"]
[WhiteElo "2543"]
[BlackElo "2736"]
[Result "1-0"]
[Round "11"]
[TimeControl "180+2"]
[Date "2023.07.11"]
[WhiteClock "0:00:07"]
[BlackClock "0:00:01"]
[Board "56"]

1. d4 d5 2. c4 c6 3. Nf3 Nf6 4. e3 e6 5. Nbd2 Nbd7 6. b3 Bd6 7. Bb2 O-O 8. Bd3 b6 9. O-O Bb7 10. Qc2 c5 11. Ne5 Rc8 12. Rad1 cxd4 13. exd4 dxc4 14. bxc4 h6 15. f4 Qe7 16. Qa4 a6 17. Qb3 b5 18. c5 Bxe5 19. fxe5 Nd5 20. Ne4 Bc6 21. a3 Rb8 22. Bb1 f5 23. exf6 N7xf6 24. Nd6 a5 25. Qd3 b4 26. axb4 Nxb4 27. Qg6 Nbd5 28. Bc1 Rxb1 29. Qxb1 Nc3 30. Qg6 Nxd1 31. Rxd1 Kh8 32. Rf1 Nh7 33. Nf7+ Kg8 34. Nxh6+ Kh8 35. Nf7+ Kg8 36. Nh6+ Kh8 37. Rxf8+ Nxf8 38. Qf7 Qxf7 39. Nxf7+ Kg8 40. Ne5 Bd5 41. c6 a4 42. Ba3 g5 43. g4 Kg7 44. c7 Bb7 45. Kf2 Ng6 46. Nd7 Nf4 47. Nb6 Nd5 48. c8=Q Bxc8 49. Nxc8 Nc3 50. Nb6 Nb5 51. Nc4 Nxd4 52. Bb2 e5 53. Bxd4 exd4 54. Ke2 Kf6 55. Kd3 a3 56. Nxa3 Ke5 57. Nc4+ Kf4 58. h3 Kg3 59. Kxd4 Kxh3 60. Ne5 Kg3 61. Ke4 Kh3 62. Kf5 Kh4 63. Nf7 1-0


[Site "https://www.chess.com"]

[Event "Titled Tuesday Blitz July 11 Early 2023"]
[White "Sidletskyi, Ivan"]
[Black "Preotu, Razvan"]
[WhiteFideId "14156024"]
[BlackFideId "2613280"]
[WhiteElo "2538"]
[BlackElo "2734"]
[Result "0-1"]
[Round "11"]
[TimeControl "180+2"]
[Date "2023.07.11"]
[WhiteClock "0:01:03"]
[BlackClock "0:02:02"]
[Board "57"]

1. c4 c5 2. Nc3 Nc6 3. g3 g6 4. Bg2 Bg7 5. a3 b6 6. b4 Bb7 7. bxc5 bxc5 8. Rb1 Rb8 9. Nf3 Nf6 10. O-O O-O 11. d4 Nxd4 12. Nxd4 Bxg2 13. Kxg2 Rxb1 14. Nxb1 cxd4 15. Qxd4 Qc7 16. c5 Qb7+ 17. e4 Qxb1 18. f3 Qc2+ 19. Kg1 0-1


[Site "https://www.chess.com"]

[Event "Titled Tuesday Blitz July 11 Early 2023"]
[White "Shvedova, Alexandra"]
[Black "Goryachkina, Aleksandra"]
[WhiteFideId "54154782"]
[BlackFideId "4147103"]
[WhiteElo "2537"]
[BlackElo "2700"]
[Result "1-0"]
[Round "11"]
[TimeControl "180+2"]
[Date "2023.07.11"]
[WhiteClock "0:00:50"]
[BlackClock "0:00:00"]
[Board "58"]

1. e4 c5 2. Ne2 Nc6 3. d4 cxd4 4. Nxd4 e6 5. Nc3 Qc7 6. Be3 a6 7. g4 Nge7 8. Qf3 Ng6 9. O-O-O Bb4 10. Qg3 Nce5 11. f4 Bxc3 12. bxc3 Nc4 13. Bxc4 Qxc4 14. Nb3 Qxc3 15. Rd3 Qc7 16. Rhd1 O-O 17. h4 b5 18. h5 Ne7 19. Bc5 Re8 20. h6 Bb7 21. Bd6 Qc4 22. Rd4 Qc6 23. hxg7 Rac8 24. Nc5 b4 25. Rh1 Ng6 26. Qh2 f6 27. Qxh7+ 1-0


[Site "https://www.chess.com"]

[Event "Titled Tuesday Blitz July 11 Early 2023"]
[White "brm72"]
[Black "djokovic74"]
[WhiteElo "2534"]
[BlackElo "2689"]
[Result "0-1"]
[Round "11"]
[TimeControl "180+2"]
[Date "2023.07.11"]
[WhiteClock "0:00:24"]
[BlackClock "0:00:09"]
[Board "59"]

1. e4 e6 2. d4 d5 3. e5 c5 4. c3 Nc6 5. Nf3 Nge7 6. Na3 cxd4 7. cxd4 Nf5 8. Nc2 Qb6 9. Bd3 Bd7 10. Bxf5 exf5 11. O-O Be6 12. a3 h6 13. h4 Be7 14. h5 O-O 15. Be3 Na5 16. Nce1 Nb3 17. Rb1 f4 18. Bxf4 Bf5 19. Nd3 Bg4 20. Nde1 Rac8 21. Qe2 Nxd4 22. Qe3 Nxf3+ 23. Nxf3 Bxh5 24. Qxb6 axb6 25. Nd4 Bg6 26. Rbc1 Bc5 27. Be3 Rfe8 28. f4 Be4 29. b4 Bxd4 30. Bxd4 b5 31. Rc5 Rxc5 32. Bxc5 Ra8 33. Ra1 h5 34. g3 Kh7 35. Kf2 Kg6 36. Bd4 Kf5 37. Bb2 Rc8 38. Rc1 Rc4 39. Rxc4 dxc4 40. Ke3 g6 41. Bc3 Bc6 42. Be1 Kg4 43. Kf2 h4 44. gxh4 Kxf4 45. Bc3 Ke4 46. Ke2 Kf4 47. Bd4 Be4 48. Kd2 Kg3 49. e6 fxe6 50. Bf6 Kf4 51. Bg5+ Kf3 52. Bf6 Bc6 53. Be5 Ke4 54. Bf6 e5 55. Bg5 Kf3 56. Bf6 e4 57. Bg5 Bd7 58. Bh6 Bf5 59. Bg5 e3+ 60. Ke1 c3 61. Bf6 c2 62. Bb2 Bd3 63. Bc1 Ke4 64. Bb2 Bc4 65. Bc1 Kd3 66. Bb2 Be6 67. Bc1 Bg4 68. Bb2 Bh5 69. Bc1 Kc3 70. Kf1 Kb3 71. Ke1 Ka2 72. Bxe3 Kb1 73. a4 bxa4 74. b5 c1=Q+ 75. Bxc1 Kxc1 76. b6 a3 77. Kf2 a2 78. Kg3 a1=Q 79. Kf4 Qd4+ 80. Kg5 Qg4+ 81. Kh6 Qxh4 82. Kg7 Qf4 83. Kh7 g5 84. Kh6 g4+ 85. Kxh5 g3 86. Kg6 g2 87. Kh7 g1=Q 88. Kh8 Qfh2# 0-1


[Site "https://www.chess.com"]

[Event "Titled Tuesday Blitz July 11 Early 2023"]
[White "Demin, Vladimir"]
[Black "Tregubov, Pavel V."]
[WhiteFideId "4167457"]
[BlackFideId "4115341"]
[WhiteElo "2532"]
[BlackElo "2658"]
[Result "1-0"]
[Round "11"]
[TimeControl "180+2"]
[Date "2023.07.11"]
[WhiteClock "0:00:05"]
[BlackClock "0:00:00"]
[Board "60"]

1. d4 Nf6 2. Nc3 d5 3. Bf4 c6 4. e3 Bf5 5. f3 h6 6. g4 Bg6 7. h4 e6 8. Bd3 Bxd3 9. Qxd3 c5 10. dxc5 Nc6 11. Qb5 Qd7 12. O-O-O a6 13. Qb6 Be7 14. Nge2 Bd8 15. Qb3 Be7 16. Qb6 Bd8 17. Qb3 Rc8 18. e4 Na5 19. Qb4 Nc6 20. Qa3 Be7 21. Be3 Ne5 22. Qa4 Qxa4 23. Nxa4 Nxf3 24. exd5 Nxd5 25. Bf2 Ne5 26. Bd4 Nxg4 27. Rdg1 h5 28. Bxg7 Rg8 29. Bd4 Rg6 30. c4 b5 31. cxd5 bxa4 32. Nf4 Bxc5 33. Bxc5 Rxc5+ 34. Kb1 Nf2 35. dxe6 Nxh1 36. exf7+ Kxf7 37. Nxg6 Nf2 38. Nf4 Rf5 39. Ne2 Ng4 40. Ng3 Rf2 41. Nxh5 Ne3 42. Ng3 Nc4 43. Ka1 Rxb2 44. h5 Rh2 45. Rc1 Ne5 46. Re1 Ke6 47. Ne2 Kf5 48. Nd4+ Kf6 49. Kb1 a3 50. Rf1+ Ke7 51. Nf5+ Kd7 52. h6 Ke6 53. Ka1 1-0


[Site "https://www.chess.com"]

[Event "Titled Tuesday Blitz July 11 Early 2023"]
[White "Dronavalli, Harika"]
[Black "feuervogel1000000"]
[WhiteFideId "5015197"]
[WhiteElo "2628"]
[BlackElo "2520"]
[Result "1/2-1/2"]
[Round "11"]
[TimeControl "180+2"]
[Date "2023.07.11"]
[WhiteClock "0:00:12"]
[BlackClock "0:00:19"]
[Board "61"]

1. Nf3 Nf6 2. g3 d5 3. Bg2 c5 4. O-O e6 5. c4 d4 6. b4 cxb4 7. a3 bxa3 8. Qb3 Nc6 9. e3 Bc5 10. Bxa3 Bxa3 11. Qxa3 dxe3 12. fxe3 Qe7 13. d4 O-O 14. Qxe7 Nxe7 15. Ne5 Ng6 16. Nxg6 hxg6 17. Nc3 a6 18. Rfb1 Ra7 19. Nb5 Ra8 20. Nd6 Ng4 21. Ra3 e5 22. h3 Nf6 23. c5 exd4 24. exd4 Rd8 25. Nxc8 Raxc8 26. Bxb7 Rc7 27. Rb4 Rb8 28. Rab3 a5 29. Rb6 Rd8 30. Rd3 Rxc5 31. dxc5 Rxd3 32. Kf2 Rc3 33. Rb5 a4 34. Ra5 a3 35. Bf3 Nd7 36. c6 Nb6 37. Ra6 Rc2+ 38. Ke1 a2 39. Bd1 Rxc6 40. Rxa2 Rc3 41. Kf2 Kh7 42. Be2 Nd5 43. Rd2 Nf6 44. Bf3 g5 45. Re2 Kg6 46. Re3 Rc2+ 47. Re2 Rc1 48. Kg2 Kf5 49. Rf2 Ke5 50. Re2+ Kd6 51. Rd2+ Ke7 52. Re2+ Kf8 53. Re5 Rc2+ 54. Kg1 g4 55. hxg4 g6 56. g5 Nd7 57. Rd5 Nc5 58. Rd8+ Ke7 59. Rc8 Rc3 60. Kg2 Kd6 61. Rd8+ Ke6 62. Bg4+ Ke7 63. Rc8 Ne4 64. Rxc3 Nxc3 65. Kf3 Kd6 66. Bh3 Nb5 67. Kf4 Nc7 68. Bc8 Nd5+ 69. Kg4 Ke5 70. Bd7 Nc7 71. Ba4 Kd6 72. Bb3 Ke7 73. Ba2 Nb5 74. Kf4 Nd4 75. Kg4 Ne2 76. Bb3 Nc3 77. Bc4 Ne4 78. Ba2 Nd6 79. Kf4 Ne8 80. Bb3 Ng7 81. Ba2 Nh5+ 82. Kg4 Ke8 83. Bb3 Ng7 84. Ba2 Ke7 85. Kf4 Nf5 86. Bb3 Nd4 87. Ba2 Nb5 88. Bb3 Kf8 89. Ba2 Kg7 90. Bb3 Nc3 91. Kg4 Ne4 92. Ba2 Kf8 93. Bb3 Nd2 94. Ba2 Ke7 95. Kf4 Nf1 96. Kf3 Nh2+ 97. Kf4 Nf1 98. Kf3 Nh2+ 99. Kf4 Nf1 1/2-1/2


[Site "https://www.chess.com"]

[Event "Titled Tuesday Blitz July 11 Early 2023"]
[White "Keleberda, Tymur"]
[Black "HamedWafa4"]
[WhiteFideId "14174294"]
[WhiteElo "2518"]
[BlackElo "2609"]
[Result "1-0"]
[Round "11"]
[TimeControl "180+2"]
[Date "2023.07.11"]
[WhiteClock "0:01:30"]
[BlackClock "0:01:13"]
[Board "62"]

1. e4 e5 2. Nf3 Nc6 3. Bc4 Nf6 4. d4 exd4 5. e5 d5 6. Bb5 Ne4 7. Nxd4 Bc5 8. Be3 Bd7 9. Bxc6 bxc6 10. Nd2 Nxd2 11. Qxd2 Bb6 12. Nb3 O-O 13. O-O Re8 14. f4 f6 15. Qc3 fxe5 16. fxe5 Qg5 17. Nc5 Qxe5 18. Bd4 Bxc5 19. Qxc5 Qd6 20. Qc3 Qg6 21. Rf3 Re4 22. Raf1 Rae8 23. h3 Re2 24. Rg3 c5 25. Rxg6 cxd4 26. Qxc7 hxg6 27. Qxd7 R8e7 28. Qxd5+ Kh7 29. Rf8 Rxc2 30. Qg8+ Kh6 31. h4 Kh5 32. Qd5+ Kg4 33. Qf3+ Kxh4 34. Qf4+ Kh5 35. Rh8# 1-0


[Site "https://www.chess.com"]

[Event "Titled Tuesday Blitz July 11 Early 2023"]
[White "Ovchinnikov, Vsevolod"]
[Black "Chor, Kevin"]
[WhiteFideId "24176842"]
[BlackFideId "2090740"]
[WhiteElo "2608"]
[BlackElo "2518"]
[Result "1-0"]
[Round "11"]
[TimeControl "180+2"]
[Date "2023.07.11"]
[WhiteClock "0:00:11"]
[BlackClock "0:00:01"]
[Board "63"]

1. d4 Nf6 2. c4 g6 3. Nc3 Bg7 4. e4 d6 5. Nf3 O-O 6. h3 Na6 7. Be3 e5 8. d5 Nc5 9. Nd2 a5 10. g4 Ne8 11. Rg1 c6 12. a3 cxd5 13. cxd5 f5 14. b4 Nxe4 15. Ndxe4 fxe4 16. Nxe4 Nf6 17. Nc3 Bd7 18. Rc1 axb4 19. axb4 Ra3 20. Rg3 Qe7 21. Bg2 Rc8 22. Ne2 Rca8 23. Bg5 Rxg3 24. Nxg3 h6 25. Be3 Bb5 26. Qc2 e4 27. Nxe4 Nxd5 28. Qb3 Qe6 29. Nd2 Bc6 30. b5 Nf4 31. Qxe6+ Nxe6 32. bxc6 bxc6 33. Bxc6 Rc8 34. Nf3 Kh8 35. Bd5 Re8 36. Bxe6 Rxe6 37. Rc8+ Kh7 38. Rc7 d5 39. Kf1 Kg8 40. Bd4 Bf8 41. Rd7 Re4 42. Rxd5 Rf4 43. Kg2 g5 44. Be3 Rf7 45. Ne5 Re7 46. Nc6 Re6 47. Nd4 Rf6 48. Rd7 1-0


[Site "https://www.chess.com"]

[Event "Titled Tuesday Blitz July 11 Early 2023"]
[White "Lehtosaari, Mauri"]
[Black "Shukhman, Anna"]
[WhiteFideId "501999"]
[BlackFideId "54180058"]
[WhiteElo "2513"]
[BlackElo "2588"]
[Result "0-1"]
[Round "11"]
[TimeControl "180+2"]
[Date "2023.07.11"]
[WhiteClock "0:00:00"]
[BlackClock "0:01:02"]
[Board "64"]

1. d4 Nf6 2. Nf3 g6 3. Bg5 Bg7 4. Nbd2 d5 5. e3 O-O 6. Be2 c5 7. O-O Nc6 8. c3 b6 9. a4 Bf5 10. h3 Rc8 11. Ba6 Rc7 12. Bf4 Rd7 13. Bb5 Qc8 14. Ne5 Nxe5 15. Bxe5 Rdd8 16. Be2 Ne4 17. Bxg7 Kxg7 18. Bf3 h5 19. Bxe4 dxe4 20. Qe2 e5 21. dxc5 Qxc5 22. Rfd1 Rd3 23. a5 Rfd8 24. axb6 axb6 25. Nf1 Qb5 26. Qc2 Be6 27. b4 Qc4 28. Rdc1 g5 29. Ra7 h4 30. Rb7 Rc8 31. Qe2 Rxc3 32. Qxc4 R3xc4 33. Rxc4 Bxc4 34. Rxb6 Bd3 35. Nd2 Rc1+ 36. Kh2 Rc2 37. Nb3 Rxf2 38. Kg1 Rb2 39. Nc5 Re2 40. Rb7 Rxe3 41. Ne6+ Kf6 42. Nd8 Re1+ 43. Kh2 Bc4 44. Rc7 Be6 45. Nxe6 Kxe6 46. Rc6+ Kd5 47. Rc2 Rb1 48. Rf2 e3 49. Re2 Kd4 0-1


[Site "https://www.chess.com"]

[Event "Titled Tuesday Blitz July 11 Early 2023"]
[White "MateoReyes"]
[Black "Tologon tegin, Semetei"]
[BlackFideId "13800574"]
[WhiteElo "2507"]
[BlackElo "2580"]
[Result "0-1"]
[Round "11"]
[TimeControl "180+2"]
[Date "2023.07.11"]
[WhiteClock "0:01:37"]
[BlackClock "0:01:15"]
[Board "65"]

1. Nf3 g6 2. d4 Bg7 3. Bg5 c5 4. e3 cxd4 5. exd4 Nc6 6. c3 d5 7. h3 Bf5 8. Bd3 Bxd3 9. Qxd3 Nf6 10. Nbd2 Qb6 11. Rb1 O-O 12. O-O e6 13. Rfe1 Qc7 14. Qe3 Rfe8 15. Bh6 Bh8 16. Qg5 b5 17. a3 a5 18. Ne5 Nxe5 19. dxe5 Nd7 20. f4 b4 21. axb4 axb4 22. Rbc1 bxc3 23. bxc3 Ra2 24. Nf3 Rb8 25. Rb1 Bg7 26. Qh4 Rxb1 27. Rxb1 Bxh6 28. Qxh6 Qxc3 29. Ng5 Nf8 30. Nxh7 Qc5+ 31. Kh1 Nxh7 32. Rb8+ Nf8 33. f5 exf5 34. e6 Ra1+ 35. Kh2 Qc7+ 36. g3 Qc2+ 0-1


[Site "https://www.chess.com"]

[Event "Titled Tuesday Blitz July 11 Early 2023"]
[White "AlivodicDario"]
[Black "Prestia, Paris"]
[BlackFideId "30925959"]
[WhiteElo "2505"]
[BlackElo "2579"]
[Result "1-0"]
[Round "11"]
[TimeControl "180+2"]
[Date "2023.07.11"]
[WhiteClock "0:01:27"]
[BlackClock "0:00:11"]
[Board "66"]

1. d4 Nf6 2. c4 g6 3. Nc3 Bg7 4. e4 O-O 5. Nge2 d6 6. Ng3 c5 7. d5 Nbd7 8. Be2 a6 9. a4 e6 10. O-O exd5 11. exd5 Re8 12. Bf4 Ne5 13. Qd2 Qc7 14. Bh6 Bh8 15. f4 Neg4 16. f5 Nxh6 17. Qxh6 Bg7 18. Qg5 h6 19. Qd2 g5 20. Nh5 Nxh5 21. Bxh5 Bf6 22. Rae1 Bd7 23. Ne4 Kg7 24. Nxf6 Kxf6 25. Qc3+ Re5 26. Rxe5 dxe5 27. h4 Bxa4 28. Rf3 Bd1 29. hxg5+ hxg5 30. Rh3 g4 31. Rh4 Rh8 32. Qg3 Rg8 33. Bxg4 Bxg4 34. Rxg4 Rxg4 35. Qxg4 Qa5 36. d6 Qd2 37. Qh4+ Kxf5 38. d7 f6 39. Qf2+ Qxf2+ 40. Kxf2 1-0


[Site "https://www.chess.com"]

[Event "Titled Tuesday Blitz July 11 Early 2023"]
[White "Romero Ruscalleda, Josep"]
[Black "Lana Rodriguez, David"]
[WhiteFideId "2231859"]
[BlackFideId "2270803"]
[WhiteElo "2429"]
[BlackElo "2579"]
[Result "0-1"]
[Round "11"]
[TimeControl "180+2"]
[Date "2023.07.11"]
[WhiteClock "0:01:33"]
[BlackClock "0:02:08"]
[Board "67"]

1. e4 c5 2. c3 Nc6 3. Nf3 d5 4. exd5 Qxd5 5. Na3 Bg4 6. Be2 Nf6 7. O-O e6 8. d4 cxd4 9. Nb5 Rc8 10. Nbxd4 Nxd4 11. Nxd4 Bxe2 12. Qxe2 Bd6 13. Rd1 Qe5 14. Qb5+ Qxb5 15. Nxb5 Bb8 16. Bg5 a6 17. Bxf6 gxf6 18. Nd6+ Bxd6 19. Rxd6 Ke7 20. Rad1 Rc7 21. Kf1 Rg8 22. g3 Rg5 23. f4 Rb5 24. R1d2 Rxb2 25. Rxe6+ fxe6 26. Rxb2 b5 27. Rb3 Rc4 28. Ra3 Rc6 29. Ke2 Kd6 30. Kd3 Kc5 31. Rb3 Rd6+ 32. Kc2 a5 33. Rb1 Rc6 34. Re1 Kd5 35. Kd3 e5 36. fxe5 fxe5 37. Rf1 b4 38. cxb4 axb4 39. Rf7 Rc3+ 40. Kd2 Ra3 41. Rd7+ Ke4 42. Rxh7 Rxa2+ 43. Kc1 Kd3 44. Rd7+ Kc3 45. Rc7+ Kd3 46. Rd7+ Ke3 47. h4 e4 48. h5 Rh2 49. Rb7 Kf3 50. Rxb4 e3 51. Kd1 Rh1+ 52. Kc2 e2 53. Rf4+ Kxg3 54. Re4 e1=Q 55. Rxe1 Rxe1 0-1


[Site "https://www.chess.com"]

[Event "Titled Tuesday Blitz July 11 Early 2023"]
[White "Arat, Ufuk Sezen"]
[Black "Nunez V, Gustavo Eduardo"]
[WhiteFideId "6309089"]
[BlackFideId "4403690"]
[WhiteElo "2577"]
[BlackElo "2461"]
[Result "1-0"]
[Round "11"]
[TimeControl "180+2"]
[Date "2023.07.11"]
[WhiteClock "0:00:54"]
[BlackClock "0:00:05"]
[Board "68"]

1. e4 c5 2. Nf3 Nc6 3. d4 cxd4 4. Nxd4 e5 5. Nb5 a6 6. Nd6+ Bxd6 7. Qxd6 Qf6 8. Qd1 Qg6 9. Nc3 Nge7 10. Be3 d6 11. f3 Be6 12. Qd2 Rd8 13. O-O-O f5 14. Bd3 O-O 15. exf5 Bxf5 16. Bb6 Rd7 17. Ne4 Kh8 18. g4 Bxe4 19. Bxe4 Qf7 20. Bc5 d5 21. Bd3 Rc8 22. Rhe1 Ng6 23. Bf5 Nf4 24. Bxd7 Qxd7 25. Rxe5 Nxe5 26. Qxf4 Ng6 27. Qd4 Qf7 28. Qxd5 Qf4+ 29. Kb1 h6 30. Qe6 Rxc5 31. Rd8+ Nf8 32. Qe7 Re5 33. Rxf8+ Kh7 34. Rxf4 Rxe7 35. a4 Re1+ 36. Ka2 Re2 37. h4 Rxc2 38. Rf7 b5 39. a5 Rc4 40. b3 Rc6 41. h5 Kg8 42. Rf5 g6 43. hxg6 Kg7 44. Ka3 Kxg6 45. Kb4 Re6 46. f4 Re4+ 47. Kc5 Re3 48. b4 Rc3+ 49. Kb6 Rc4 50. Kxa6 Rxb4 51. Rxb5 Rxf4 52. Rb8 Rxg4 53. Rg8+ Kf5 54. Rxg4 Kxg4 55. Kb5 h5 56. a6 h4 57. a7 Kg3 58. a8=Q Kh2 59. Qa2+ Kh1 60. Qb1+ Kh2 61. Qc2+ Kh1 62. Qd1+ Kh2 63. Qe2+ Kh3 64. Qf3+ Kh2 65. Kc4 h3 66. Qg4 Kh1 67. Qxh3+ Kg1 68. Qg3+ Kf1 69. Qh2 Ke1 70. Kd3 Kf1 71. Ke3 Ke1 72. Qe2# 1-0


[Site "https://www.chess.com"]

[Event "Titled Tuesday Blitz July 11 Early 2023"]
[White "Borrmann, Laurenz"]
[Black "Goswami, Vedant"]
[WhiteFideId "312187930"]
[BlackFideId "5003725"]
[WhiteElo "2568"]
[BlackElo "2413"]
[Result "1-0"]
[Round "11"]
[TimeControl "180+2"]
[Date "2023.07.11"]
[WhiteClock "0:00:08"]
[BlackClock "0:00:00"]
[Board "69"]

1. d4 a6 2. e4 e6 3. c4 d6 4. Nc3 Nd7 5. f4 g6 6. Nf3 Bg7 7. e5 Ne7 8. Ne4 d5 9. Ng3 dxc4 10. Bxc4 Nb6 11. Bb3 Nbd5 12. O-O Nf5 13. Nxf5 exf5 14. Bd2 Be6 15. Rc1 c6 16. Ng5 Bf8 17. Nxe6 fxe6 18. Qf3 Qb6 19. Be3 Rd8 20. Bxd5 Rxd5 21. b3 Ba3 22. Rc4 h5 23. h3 Kf7 24. Rd1 Rhd8 25. g4 hxg4 26. hxg4 Rh8 27. Kg2 Be7 28. Rh1 Rdd8 29. Rcc1 Qa5 30. a4 Rdg8 31. Bf2 fxg4 32. Qxg4 Qd5+ 33. Qf3 Qxf3+ 34. Kxf3 Kg7 35. Kg4 Rxh1 36. Rxh1 Rh8 37. Rxh8 Kxh8 38. Bh4 Bb4 39. Bd8 Kg7 40. Bb6 Kf7 41. Kf3 Bd2 42. Ke4 Bc1 43. Bd8 Bd2 44. Bg5 Bc1 45. Kd3 Ba3 46. Kc4 Bf8 47. a5 Ba3 48. b4 Bb2 49. Bh4 Ke8 50. Bf2 Kd7 51. Kb3 Bc1 52. Bg3 Be3 53. Kc4 Kc7 54. Kd3 Bg1 55. Be1 Bh2 56. Ke3 Kd7 57. Bf2 Kc7 58. Kf3 Kd7 59. Be3 Kc7 60. Kg2 1-0


[Site "https://www.chess.com"]

[Event "Titled Tuesday Blitz July 11 Early 2023"]
[White "Fiorito, Francisco"]
[Black "a-z30"]
[WhiteFideId "180165"]
[WhiteElo "2549"]
[BlackElo "2415"]
[Result "1-0"]
[Round "11"]
[TimeControl "180+2"]
[Date "2023.07.11"]
[WhiteClock "0:00:52"]
[BlackClock "0:00:00"]
[Board "70"]

1. d4 Nf6 2. Nc3 d6 3. e4 g6 4. Be3 Bg7 5. Qd2 O-O 6. O-O-O Nc6 7. Bh6 e5 8. Bxg7 Kxg7 9. Nf3 Bg4 10. d5 Bxf3 11. gxf3 Nd4 12. f4 Nh5 13. fxe5 dxe5 14. h4 Qf6 15. Ne2 Nxe2+ 16. Bxe2 Nf4 17. h5 Rad8 18. Bg4 c6 19. d6 h6 20. f3 g5 21. Bf5 Ne6 22. c3 Rd7 23. Qe3 b6 24. Rd2 Rfd8 25. Rhd1 Nf4 26. Bxd7 Rxd7 27. a4 Nxh5 28. a5 c5 29. axb6 axb6 30. Qd3 Nf4 31. Qb5 Qd8 32. Qc6 h5 33. b4 cxb4 34. cxb4 h4 35. Rc2 h3 36. Qb5 Ra7 37. Qxe5+ Qf6 38. Qxf6+ Kxf6 39. e5+ Ke6 40. Rc7 Ra1+ 41. Kc2 Rxd1 42. Re7+ Kf5 43. Rxf7+ Kg6 44. Rf6+ Kg7 45. Re6 1-0


[Site "https://www.chess.com"]

[Event "Titled Tuesday Blitz July 11 Early 2023"]
[White "Haitin, Ilja"]
[Black "Hajiyev, Kanan"]
[WhiteFideId "4501764"]
[BlackFideId "13404148"]
[WhiteElo "2400"]
[BlackElo "2544"]
[Result "1-0"]
[Round "11"]
[TimeControl "180+2"]
[Date "2023.07.11"]
[WhiteClock "0:02:13"]
[BlackClock "0:00:00"]
[Board "71"]

1. Nf3 d5 2. e3 c5 3. b3 Nc6 4. Bb2 Nf6 5. Bb5 Qc7 6. O-O Bg4 7. h3 Bd7 8. d3 Nb8 9. Bxd7+ Nbxd7 10. Nbd2 g6 11. e4 d4 12. c3 dxc3 13. Bxc3 Bg7 14. d4 cxd4 15. Bxd4 O-O 16. Rc1 Qa5 17. Nc4 Qxa2 18. Ra1 Qxa1 19. Qxa1 Nh5 20. Bxg7 Nxg7 21. Rd1 Nc5 22. Qb1 Nge6 23. Ne3 Rfd8 24. Nd5 Re8 25. Nd4 Rac8 26. Nxe6 Nxe6 27. g3 Rc5 28. Kg2 a5 29. b4 Rb5 30. Qd3 Rxb4 31. Nxb4 axb4 32. Qb5 Rc8 33. Qxb4 Rc7 34. Qb6 Kg7 35. h4 h5 36. Rd5 Kf6 37. Qb2+ 1-0


[Site "https://www.chess.com"]

[Event "Titled Tuesday Blitz July 11 Early 2023"]
[White "Atanasov, Radislav"]
[Black "Ahmad, Khagan"]
[WhiteFideId "2901471"]
[BlackFideId "13431552"]
[WhiteElo "2251"]
[BlackElo "2617"]
[Result "1-0"]
[Round "11"]
[TimeControl "180+2"]
[Date "2023.07.11"]
[WhiteClock "0:01:54"]
[BlackClock "0:00:23"]
[Board "72"]

1. e4 c5 2. c3 Nf6 3. e5 Nd5 4. d4 cxd4 5. Nf3 e6 6. cxd4 Nc6 7. a3 d6 8. Bd3 Be7 9. O-O O-O 10. Re1 a6 11. Qe2 b5 12. Qc2 Bb7 13. Bxh7+ Kh8 14. Be4 Rc8 15. Qe2 Na5 16. Ng5 g6 17. Qg4 Bxg5 18. Bxg5 Qb6 19. Qh4+ Kg8 20. Bxd5 1-0


[Site "https://www.chess.com"]

[Event "Titled Tuesday Blitz July 11 Early 2023"]
[White "Fiorito, Joaquin"]
[Black "Brunner, Nicolas"]
[WhiteFideId "180173"]
[BlackFideId "620246"]
[WhiteElo "2604"]
[BlackElo "2493"]
[Result "1-0"]
[Round "11"]
[TimeControl "180+2"]
[Date "2023.07.11"]
[WhiteClock "0:00:12"]
[BlackClock "0:00:03"]
[Board "73"]

1. d4 Nf6 2. Nc3 d5 3. Bf4 Bf5 4. f3 h6 5. g4 Bh7 6. Qd2 a6 7. h4 e6 8. e3 c5 9. Nh3 Nc6 10. Bg3 Bd6 11. Bxd6 Qxd6 12. Nf4 g5 13. hxg5 hxg5 14. Nfe2 O-O-O 15. O-O-O Bg6 16. Bg2 Kb8 17. dxc5 Qxc5 18. Nd4 Ne5 19. Nb3 Qb6 20. Qf2 Nc4 21. Rhe1 Rc8 22. f4 Nxg4 23. Qg3 Ngxe3 24. f5+ Ka8 25. fxg6 Nxd1 26. Rxd1 fxg6 27. Kb1 Qe3 28. Bf3 Nxb2 29. Nxd5 exd5 30. Kxb2 Qc3+ 31. Ka3 Rh4 32. Rxd5 Rhc4 33. Qd6 Qxf3 34. Rxg5 Rxc2 35. Rxg6 Qc3 36. Rg4 Qb2+ 37. Kb4 Qxa2 38. Qb6 Qb1 39. Rg7 R2c4+ 40. Ka3 Rb8 41. Rg5 Rc6 42. Qb4 Qc2 43. Ra5 Qc4 44. Qd2 Rbc8 45. Qd7 Qc3 46. Qd5 R6c7 47. Rxa6+ Kb8 48. Ra4 Rc4 49. Qd6+ R8c7 50. Ra5 Qc2 51. Rb5 Rc3 52. Qd8+ Rc8 53. Qd6+ R3c7 54. Ra5 Qc6 55. Qd4 Rd7 56. Qa7+ Kc7 57. Rc5 Qxc5+ 58. Qxc5+ Kb8 59. Qe5+ Rdc7 60. Nc5 Ka7 61. Na4 Rc6 62. Qd4+ Kb8 63. Kb4 Ra6 64. Qe5+ Ka8 65. Kb5 Ka7 66. Qd4+ Kb8 67. Nb6 Rh8 68. Qxh8+ 1-0


[Site "https://www.chess.com"]